 Dungeon Crawl Stone Soup version 0.20.1-1-g8b1a95d (webtiles) character file.

2811 Murfle the Cleaver (level 9, -3/49 HPs)
             Began as a Gargoyle Fighter on Sept 30, 2017.
             Was an Initiate of Hepliaklqana.
             Slain by ShornTheSheep's ghost (11 damage)
             ... on level 8 of the Dungeon.
             The game lasted 00:28:50 (8658 turns).

Murfle the Cleaver (Gargoyle Fighter)               Turns: 8658, Time: 00:28:50

Health: -3/49      AC: 19    Str: 25    XL:     9   Next: 72%
Magic:  9/9        EV:  7    Int:  9    God:    Hepliaklqana [......]
Gold:   338        SH: 12    Dex: 11    Spells: 8/8 levels left

rFire    x . .     SeeInvis .   q - +5 whip of Toaduesch {freeze, Str+4}
rCold    + . .     Gourm    .   c - +1 shield
rNeg     + + .     Faith    .   A - +0 storm dragon scales (curse)
rPois    ∞         Spirit   .   (no helmet)
rElec    +         Reflect  .   w - +0 cloak
rCorr    .         Harm     .   (no gloves)
MR       .....                  (no boots)
Stlth    ..........             (no amulet)
Regen    0.2/turn               m - ring of ice
MPRegen  0.2/turn               r - ring of positive energy

@: hasted, very quick
A: reduced essence, negative energy resistance 1, electricity resistance, wild
magic 1, unbreathing, petrification resistance, rot immunity, AC +5
a: Recall Ancestor, Ancestor Identity, Renounce Religion


You were on level 8 of the Dungeon.
You worshipped Hepliaklqana.
Hepliaklqana was noncommittal.
You were not hungry.

You visited 2 branches of the dungeon, and saw 9 of its levels.
You also visited: Ossuary.

You collected 338 gold pieces.

Inventory:

Hand Weapons
 a - a +0 war axe
 q - the +5 whip of Toaduesch (weapon) {freeze, Str+4}
   (You took it off an orc wizard on level 6 of the Dungeon)

   It has been specially enchanted to freeze those struck by it, causing extra
   injury to most foes and up to half again as much damage against particularly
   susceptible opponents.
   It can also slow down cold-blooded creatures.
   It affects your strength (+4).
 v - a +1 vampiric lajatang
Armour
 b - a +0 scale mail
 c - a +1 shield (worn)
 k - a +0 ring mail
 w - a +0 cloak (worn)
 A - cursed +0 storm dragon scales (worn)
Jewellery
 m - a ring of ice (left hand)
 r - a ring of positive energy (right hand)
 E - an uncursed ring of protection from magic {unknown}
Wands
 x - a wand of polymorph (12/24)
Scrolls
 g - 8 scrolls of identify
 h - 4 scrolls of remove curse
 i - 3 scrolls of teleportation
 s - 3 scrolls of random uselessness
 y - 2 scrolls of fog
Potions
 d - a potion of cancellation
 j - 9 potions of curing
 n - 6 potions of degeneration
 t - 3 potions of flight
 u - 2 potions of haste
 z - a potion of heal wounds
 B - 2 potions of berserk rage {unknown}
 D - a potion of resistance
Books
 e - a book of Cantrips

   Spells                             Type                      Level
   a - Confusing Touch                Hexes                        1
   b - Animate Skeleton               Necromancy                   1
   c - Summon Small Mammal            Summoning                    1
   d - Apportation                    Translocation                1
Comestibles
 f - 5 bread rations
 l - 5 meat rations
 o - a royal jelly
 p - a fruit
 C - a chunk of flesh


   Skills:
 + Level 5.9 Fighting
 - Level 8.0(8.5) Axes
 * Level 4.4(7.1) Maces & Flails
 + Level 6.1 Armour
 - Level 0.2 Dodging
 + Level 7.1 Shields


You had 8 spell levels left.
You didn't know any spells.

Dungeon Overview and Level Annotations

Branches:
Dungeon (8/15)             Temple (1/1) D:4
   Lair: D:8-11

Altars:
Ashenzari
Cheibriados
Dithmenos
Elyvilon
Fedhas
Gozag
Hepliaklqana
Kikubaaqudgha
Makhleb
Nemelex Xobeh
Qazlal
Ru
Sif Muna
Trog
Uskayaw
Vehumet
Xom
Yredelemnul
Zin
The Shining One

Annotations:
D:8 ShornTheSheep's ghost, novice MiBe


Innate Abilities, Weirdness & Mutations

You are resistant to torment.
Your stone body is resilient. (AC +5)
You are immune to poison.
You resist negative energy. (rN+)
You are resistant to electric shocks. (rElec)
You can survive without breathing.
You are immune to petrification.
You are immune to rotting.
Your life essence is reduced to manifest your ancestor. (-10% HP)
Your spells are a little harder to cast, but a little more powerful.


Message History

ShornTheSheep's ghost is severely damaged.
You block ShornTheSheep's ghost's attack.
You hit ShornTheSheep's ghost but do no damage.
ShornTheSheep's ghost is severely damaged.
You barely miss ShornTheSheep's ghost.
ShornTheSheep's ghost is severely damaged.
ShornTheSheep's ghost hits you but does no damage.
You hit ShornTheSheep's ghost but do no damage.
ShornTheSheep's ghost is severely damaged.
ShornTheSheep's ghost hits you!
* * * LOW HITPOINT WARNING * * *
ShornTheSheep's ghost burns you.
* * * LOW HITPOINT WARNING * * *
You whack ShornTheSheep's ghost! You freeze ShornTheSheep's ghost.
ShornTheSheep's ghost is almost destroyed.
You hit ShornTheSheep's ghost. You freeze ShornTheSheep's ghost.
ShornTheSheep's ghost is almost destroyed.
ShornTheSheep's ghost shrieks, "They lied to you.
The Dungeon just goes down and down forever."
ShornTheSheep's ghost hits you!
You die...

#.. #...#.....#.
###... #..####'###.
#....#####..##.......
#(...#.......#.......
#....#.......'.......
#....#......[#.......
+....#.....^.#.......
#....'.......#.......
#...@#..######.......
#...W#..# #.<..####..
#....#....#....# ..
#/...#....#....# .
#....#..?.#....+
#....#..###....#
....##..# ......
.....# ........
....... #.........


You could see ShornTheSheep's ghost.

Vanquished Creatures
  Grinder (D:4)
  2 sky beasts
  An ice beast (D:5)
  An orc warrior (D:6)
  A black bear (D:6)
  5 ogres
  A centaur (D:5)
  A big kobold (D:7)
  2 bullfrogs
  2 howler monkeys
  5 crimson imps
  2 centaur zombies (Ossuary)
  2 bullfrog zombies
  Crazy Yiuf (D:3)
  A hound (D:5)
  8 orc wizards
  A bullfrog skeleton (D:5)
  A centaur skeleton (D:5)
  A gnoll shaman (D:5)
  2 iguanas (D:4)
  5 worker ants
  A big kobold zombie (Ossuary)
  A hound zombie (D:7)
  7 mummies
  2 hound skeletons (D:4)
  A worker ant zombie (D:7)
  4 gnolls (D:5)
  3 adders
  2 oozes (D:1)
  An adder zombie (D:5)
  An adder skeleton (D:7)
  6 worms
  4 dart slugs
  5 leopard geckos
  18 orcs
  4 ball pythons (D:3)
  4 giant cockroaches
  13 goblins
  6 hobgoblins
  10 jackals
  14 kobolds
  5 quokkas
  4 bats
  6 frilled lizards
  A gnoll zombie (Ossuary)
  A goblin zombie (Ossuary)
  2 hobgoblin zombies (Ossuary)
  A kobold zombie (Ossuary)
  9 rats
182 creatures vanquished.

Vanquished Creatures (collateral kills)
  Menkaure (D:7)
  A crimson imp (D:7)
2 creatures vanquished.

Vanquished Creatures (others)
  An ancestor (D:8)
1 creature vanquished.

Grand Total: 185 creatures vanquished

Notes
Turn   | Place    | Note
-------+----------+-------------------------------------------
     0 | D:1      | Murfle the Gargoyle Fighter began the quest for the Orb.
     0 | D:1      | Reached XP level 1. HP: 14/14 MP: 1/1
   128 | D:1      | Reached XP level 2. HP: 10/19 MP: 2/2
   246 | D:1      | Reached skill level 2 in Axes
   410 | D:1      | Reached XP level 3. HP: 23/23 MP: 3/3
  1183 | D:2      | Reached XP level 4. HP: 27/28 MP: 4/4
  1271 | D:2      | Found a snail-covered altar of Cheibriados.
  1307 | D:2      | Found a shimmering altar of Xom.
  1604 | D:3      | Reached skill level 3 in Axes
  1785 | D:3      | Reached XP level 5. HP: 32/32 MP: 5/5
  2259 | D:3      | Found a runed door.
  2263 | D:3      | Noticed Crazy Yiuf
  2277 | D:3      | Killed Crazy Yiuf
  2876 | D:4      | Found a sand-covered staircase.
  2888 | Ossuary  | Entered an ossuary
  2907 | Ossuary  | Reached XP level 6. HP: 27/38 MP: 6/6
  2934 | Ossuary  | Reached skill level 4 in Axes
  3229 | D:4      | Reached XP level 7. HP: 20/43 MP: 7/7
  4177 | D:4      | Found an opulent altar of Gozag.
  4200 | D:4      | Reached skill level 5 in Axes
  4688 | D:4      | Reached skill level 5 in Shields
  4833 | D:4      | Noticed Grinder
  4838 | D:4      | Paralysed by Grinder for 6 turns
  4849 | D:4      | Paralysed by Grinder for 4 turns
  4880 | D:4      | Killed Grinder
  4880 | D:4      | Reached skill level 5 in Armour
  4963 | D:4      | Found a staircase to the Ecumenical Temple.
  4978 | D:4      | Reached XP level 8. HP: 44/48 MP: 8/8
  5013 | Temple   | Entered the Ecumenical Temple
  5208 | D:4      | Found a blossoming altar of Fedhas.
  5322 | D:4      | Reached skill level 6 in Axes
  5677 | D:5      | Entered Level 5 of the Dungeon
  5765 | D:5      | Reached skill level 5 in Fighting
  6701 | D:6      | Reached skill level 7 in Axes
  6730 | D:6      | Found a sacrificial altar of Ru.
  6891 | D:6      | Found a basalt altar of Yredelemnul.
  7099 | D:6      | Reached XP level 9. HP: 45/54 MP: 9/9
  7313 | D:6      | Gained mutation: You are partially covered in yellow scales. (AC +2) [mutagenic meat]
  7314 | D:6      | Gained mutation: You have sharp toenails. [mutagenic meat]
  7315 | D:6      | Gained mutation: Scrolls take you a little longer to read. [mutagenic meat]
  7316 | D:6      | Gained mutation: You tend to lose your temper in combat. [mutagenic meat]
  7328 | D:6      | Lost mutation: Scrolls take you a little longer to read. [potion of mutation]
  7328 | D:6      | Lost mutation: You have sharp toenails. [potion of mutation]
  7328 | D:6      | Lost mutation: You are partially covered in yellow scales. (AC +2) [potion of mutation]
  7328 | D:6      | Lost mutation: You tend to lose your temper in combat. [potion of mutation]
  7328 | D:6      | Gained mutation: Your spells are a little harder to cast, but a little more powerful. [potion of mutation]
  7552 | D:6      | Got a warped whip {freeze}
  7553 | D:6      | Identified the +5 whip of Toaduesch {freeze, Str+4} (You took it off an orc wizard on level 6 of the Dungeon)
  7574 | D:6      | Reached skill level 8 in Axes
  7748 | D:7      | Reached skill level 1 in Maces & Flails
  7859 | D:7      | Found a deep blue altar of Sif Muna.
  7859 | D:7      | Found a hazy altar of Hepliaklqana.
  7860 | D:7      | Found a shadowy altar of Dithmenos.
  7874 | D:7      | Found an ancient bone altar of Kikubaaqudgha.
  8060 | D:7      | Became a worshipper of Hepliaklqana the Forgotten
  8324 | D:7      | Noticed Menkaure
  8334 | D:7      | Killed Menkaure
  8523 | D:7      | Found a glowing golden altar of the Shining One.
  8611 | D:8      | Noticed ShornTheSheep's ghost (novice MiBe)
  8658 | D:8      | Slain by ShornTheSheep's ghost

Skill      XL: |  1  2  3  4  5  6  7  8  9 |
---------------+----------------------------+-----
Axes           | 2 3 4 5 7 8 |  8.0
Shields        | 4 5 6 7 |  7.1
Armour         | 4 5 6 |  6.1
Fighting       | 4 5 |  5.9
Maces & Flails | 4 |  4.4
Dodging        | |  0.2

Action                   |  1- 3 |  4- 6 |  7- 9 || total
-------------------------+-------+-------+-------++-------
Melee: War axe           |   129 |   247 |   299 ||   675
       Whip              |       |       |   168 ||   168
Invok: Ancestor Identity |       |       |     1 ||     1
  Use: Potion            |       |     7 |     8 ||    15
       Scroll            |       |     8 |     4 ||    12
  Eat: Chunk             |     1 |     7 |    17 ||    25
       Bread ration      |       |       |     1 ||     1
       Fruit             |       |       |     1 ||     1
Armor: Scale mail        |    78 |   107 |   110 ||   295
       Skin              |       |       |    16 ||    16
       Storm dragon scal |       |       |    43 ||    43
       Ring mail         |       |       |    39 ||    39
Dodge: Dodged            |    46 |    68 |   111 ||   225
Block: Shield            |    90 |   129 |   210 ||   429
